 Dungeon Crawl Stone Soup version 0.28-a0-1493-g08698888e4 (webtiles) character file.

Game seed: 3862078463910887308

2293 ytrimaz the Prestidigitator (level 9, -4/65 HPs)
             Began as a Gnoll Wanderer on Jan 12, 2022.
             Slain by a komodo dragon (19 damage)
             ... on level 7 of the Dungeon.
             The game lasted 00:07:20 (7523 turns).

ytrimaz the Prestidigitator (Gnoll Wanderer)        Turns: 7523, Time: 00:07:20

Health: -4/65      AC: 14    Str: 15    XL:     9   Next: 40%
Magic:  0/16       EV:  6    Int: 11    God:
Gold:   231        SH:  0    Dex: 13    Spells: 18/18 levels left

rFire   . . .      SeeInvis +   e - staff of air
rCold   . . .      Faith    .   (no shield)
rNeg    . . .      Spirit   +   f - +1 plate armour
rPois   .          Reflect  .   (no helmet)
rElec   +          Harm     .   (no cloak)
rCorr   .          Rampage  .   (no gloves)
Will    .....                   (no boots)
Stlth   ..........              n - amulet of guardian spirit
HPRegen 0.20/turn               d - ring of see invisible
MPRegen 0.15/turn               (no ring)

@: no status effects
A: fangs 1, strong nose, distributed training
a: no special abilities


You were on level 7 of the Dungeon.
You visited 1 branch of the dungeon, and saw 7 of its levels.

You collected 271 gold pieces.
You spent 40 gold pieces at shops.

Inventory:

Hand Weapons
 a - a +1 quarterstaff
Armour
 f - a +1 plate armour (worn)
Magical Staves
 e - a staff of air (weapon)
Jewellery
 c - an amulet of faith
 d - a ring of see invisible (left hand)
 n - an amulet of guardian spirit (around neck)
Wands
 b - a wand of paralysis (12) (quivered)
 h - a wand of flame (15)
 j - a wand of polymorph (8)
 k - a wand of charming (2)
Scrolls
 l - a scroll of torment
Potions
 g - a potion of curing
 i - a potion of mutation
 r - 2 potions of resistance {unknown}


   Skills:
 + Level 4.2 Fighting
 + Level 4.2 Short Blades
 + Level 4.2 Long Blades
 + Level 4.2 Axes
 + Level 4.2 Maces & Flails
 + Level 4.2 Polearms
 + Level 5.0 Staves
 + Level 4.2 Slings
 + Level 4.2 Bows
 + Level 4.2 Crossbows
 + Level 4.2 Throwing
 + Level 7.9 Armour
 + Level 4.2 Dodging
 + Level 4.2 Stealth
 + Level 4.2 Shields
 + Level 4.2 Unarmed Combat
 + Level 5.1 Spellcasting
 + Level 3.4 Conjurations
 + Level 3.4 Hexes
 + Level 3.4 Summonings
 + Level 3.4 Necromancy
 + Level 3.4 Translocations
 + Level 3.4 Transmutations
 + Level 3.4 Fire Magic
 + Level 3.4 Ice Magic
 + Level 3.4 Air Magic
 + Level 3.4 Earth Magic
 + Level 3.4 Poison Magic
 + Level 4.6 Invocations
 + Level 11.2 Evocations


You had 18 spell levels left.
You didn't know any spells.
Your spell library contained the following spells:

 Spells                   Type           Power      Damage    Failure   Level
 Shock                    Conj/Air       60%        1d6       93%         1
 Swiftness                Air            15%        N/A       100%        3
 Airstrike                Air            7%         N/A       100%        4


Dungeon Overview and Level Annotations

Branches:
Dungeon (7/15)
 Temple: D:4-7

Altars:
Trog
The Shining One

Shops:
D:1 *   D:5 *


Innate Abilities, Weirdness & Mutations

You have very sharp teeth.
Your uncanny sense of smell can sniff out nearby items.
Your experience applies equally to all skills.


Message History

You hit the hound.
The hound is electrocuted!
You kill the hound!
The komodo dragon hisses menacingly.
You see here a hound corpse.
You hit the komodo dragon.
The komodo dragon is electrocuted.
You bite the komodo dragon, but do no damage.
The komodo dragon is lightly wounded.
The komodo dragon bites you.
You hit the komodo dragon but do no damage.
The komodo dragon is lightly wounded.
The komodo dragon barely misses you.
You hit the komodo dragon but do no damage.
The komodo dragon is electrocuted!
The komodo dragon is moderately wounded.
The komodo dragon bites you!!
You hit the komodo dragon but do no damage.
The komodo dragon is electrocuted.
The komodo dragon is moderately wounded.
The komodo dragon bites you!
You hit the komodo dragon.
The komodo dragon is electrocuted!
The komodo dragon is severely wounded.
The komodo dragon bites you!
You barely miss the komodo dragon.
The komodo dragon is severely wounded.
The komodo dragon bites you but does no damage.
You barely miss the komodo dragon.
The komodo dragon is heavily wounded.
The komodo dragon bites you.
You hit the komodo dragon but do no damage.
The komodo dragon is heavily wounded.
The komodo dragon bites you!!
* * * LOW HITPOINT WARNING * * *
You hit the komodo dragon.
The komodo dragon is electrocuted.
The komodo dragon is almost dead.
The komodo dragon bites you but does no damage.
Unknown command.
You closely miss the komodo dragon.
The komodo dragon is almost dead.
The komodo dragon bites you!!
You die...

.....(...#
##.####### ...#
...# #..# ##.#
#..# #.# ..#
#.##########.#...
##.......)....##.#
.......)########l#
#######.# #@#
##....###### #†#
##........).# #.#
#.....>.###.###.#
.................#
##.[.....###.#####
##.....## #.##
#.....# #..#
#.###.# ##.#


You could see a komodo dragon.

Vanquished Creatures
  Maggie (D:6)
  Edmund (D:6)
  2 black bears (D:6)
  2 sky beasts (D:5)
  An ogre (D:6)
  A centaur (D:6)
  3 phantoms
  A bullfrog (D:6)
  A scorpion (D:5)
  A wyvern zombie (D:7)
  A water moccasin zombie (D:6)
  A wyvern skeleton (D:6)
  A water moccasin skeleton (D:4)
  A howler monkey (D:6)
  4 wights (D:6)
  2 gnoll shamans
  A centaur zombie (D:6)
  2 jellies
  A centaur skeleton (D:3)
  3 orc priests
  2 hounds
  An iguana (D:5)
  6 gnolls
  A howler monkey skeleton (D:4)
  3 adders
  2 white imps
  2 adder skeletons
  2 worms
  4 dart slugs
  9 orcs
  3 endoplasms
  3 giant cockroaches
  7 goblins
  4 hobgoblins
  11 jackals
  3 quokkas
  9 ball pythons
  2 bats (D:1)
  3 frilled lizards
  3 kobolds (D:1)
  10 rats
121 creatures vanquished.

Notes
Turn   | Place    | Note
-------+----------+-------------------------------------------
     0 | D:1      | Reached skill level 10 in Evocations
     0 | D:1      | ytrimaz the Gnoll Wanderer began the quest for the Orb.
     0 | D:1      | ytrimaz set off with the following items: a +0
                  | quarterstaff, a wand of paralysis (13), a +0 scale mail
     0 | D:1      | Reached XP level 1. HP: 13/13 MP: 4/4
   361 | D:1      | Reached XP level 2. HP: 16/19 MP: 5/5
   540 | D:1      | Found Ygyrphaonu's Assorted Antiques.
   557 | D:1      | Bought a scroll labelled LIMOELLAOGATU for 17 gold pieces
   921 | D:1      | Reached XP level 3. HP: 20/25 MP: 7/7
  1347 | D:2      | Reached skill level 1 in Invocations
  1420 | D:2      | Reached skill level 1 in Fighting
  1420 | D:2      | Reached skill level 1 in Short Blades
  1420 | D:2      | Reached skill level 1 in Long Blades
  1420 | D:2      | Reached skill level 1 in Axes
  1420 | D:2      | Reached skill level 1 in Maces & Flails
  1420 | D:2      | Reached skill level 1 in Polearms
  1420 | D:2      | Reached skill level 1 in Slings
  1420 | D:2      | Reached skill level 1 in Bows
  1420 | D:2      | Reached skill level 1 in Crossbows
  1420 | D:2      | Reached skill level 1 in Throwing
  1420 | D:2      | Reached skill level 1 in Dodging
  1420 | D:2      | Reached skill level 1 in Stealth
  1420 | D:2      | Reached skill level 1 in Shields
  1420 | D:2      | Reached skill level 1 in Unarmed Combat
  1574 | D:2      | Reached XP level 4. HP: 11/32 MP: 8/8
  2284 | D:3      | Reached skill level 1 in Conjurations
  2284 | D:3      | Reached skill level 1 in Hexes
  2284 | D:3      | Reached skill level 1 in Summonings
  2284 | D:3      | Reached skill level 1 in Necromancy
  2284 | D:3      | Reached skill level 1 in Translocations
  2284 | D:3      | Reached skill level 1 in Transmutations
  2284 | D:3      | Reached skill level 1 in Fire Magic
  2284 | D:3      | Reached skill level 1 in Ice Magic
  2284 | D:3      | Reached skill level 1 in Air Magic
  2284 | D:3      | Reached skill level 1 in Earth Magic
  2284 | D:3      | Reached skill level 1 in Poison Magic
  2370 | D:3      | Reached XP level 5. HP: 37/37 MP: 9/9
  3332 | D:4      | Noticed a phantom
  3348 | D:4      | Killed a phantom
  3349 | D:4      | Reached XP level 6. HP: 38/44 MP: 8/11
  3503 | D:4      | Found a glowing golden altar of the Shining One.
  3583 | D:5      | Entered Level 5 of the Dungeon
  4020 | D:5      | Noticed a sky beast
  4235 | D:4      | Reached XP level 7. HP: 28/50 MP: 6/12
  4607 | D:5      | Found Desucuash's Assorted Antiques.
  4617 | D:5      | Bought a scroll labelled CUILID UTOA for 23 gold pieces
  5337 | D:6      | Noticed Maggie
  5473 | D:6      | Reached XP level 8. HP: 53/57 MP: 11/14
  5571 | D:6      | Found a bloodstained altar of Trog.
  5774 | D:6      | Killed Maggie
  5775 | D:6      | Reached skill level 11 in Evocations
  6158 | D:6      | Reached XP level 9. HP: 33/65 MP: 9/16
  6449 | D:6      | Noticed Edmund
  6476 | D:6      | Killed Edmund
  6547 | D:6      | Reached skill level 5 in Spellcasting
  7360 | D:7      | Reached skill level 5 in Staves
  7509 | D:7      | Noticed a komodo dragon
  7523 | D:7      | Slain by a komodo dragon

Illustrated notes

Levels and vault maps discovered:
D:1:      evilmike_arrival_fibonacci_small, layout_loops_ring, serial_shops,
          nicolae_shop_crystal
D:2:      layout_loops_ring, shapermc_ecumenical_altar_petra
D:3:      layout_rooms, hangedman_abyss_or_decor_lesser_grid
D:4:      layout_cave_pools, mainiacjoe_overflow_alcove_4
D:5:      layout_cave_pods, serial_shops, nicolae_stop_n_shop_2,
          chequers_mini_garden
D:6:      layout_basic, lemuel_tele_altar, cheibrodos_sewer_entry_drain,
          uniq_edmund, uniq_maggie
D:7:      layout_loops_ring, nicolae_ru_path_of_blood, temple_hall

Skill      XL: |  1  2  3  4  5  6  7  8  9 |
---------------+----------------------------+-----
Evocations     | 11 | 11.2
Invocations    | 1 2 3 4 |  4.6
Fighting       | 1 2 3 4 |  4.2
Short Blades   | 1 2 3 4 |  4.2
Long Blades    | 1 2 3 4 |  4.2
Axes           | 1 2 3 4 |  4.2
Maces & Flails | 1 2 3 4 |  4.2
Polearms       | 1 2 3 4 |  4.2
Slings         | 1 2 3 4 |  4.2
Bows           | 1 2 3 4 |  4.2
Crossbows      | 1 2 3 4 |  4.2
Throwing       | 1 2 3 4 |  4.2
Dodging        | 1 2 3 4 |  4.2
Stealth        | 1 2 3 4 |  4.2
Shields        | 1 2 3 4 |  4.2
Unarmed Combat | 1 2 3 4 |  4.2
Spellcasting   | 3 4 5 |  5.1
Conjurations   | 1 2 3 |  3.4
Hexes          | 1 2 3 |  3.4
Summonings     | 1 2 3 |  3.4
Necromancy     | 1 2 3 |  3.4
Translocations | 1 2 3 |  3.4
Transmutations | 1 2 3 |  3.4
Fire Magic     | 1 2 3 |  3.4
Ice Magic      | 1 2 3 |  3.4
Air Magic      | 1 2 3 |  3.4
Earth Magic    | 1 2 3 |  3.4
Poison Magic   | 1 2 3 |  3.4
Staves         | 3 4 5 |  5.0
Armour         | 7 |  7.9

Action                   |  1- 3 |  4- 6 |  7- 9 || total
-------------------------+-------+-------+-------++-------
Melee: Quarterstaff      |   109 |   146 |   160 ||   415
       Bite              |     9 |    11 |    24 ||    44
       Staff             |       |       |   104 ||   104
       Punch             |       |       |     5 ||     5
Evoke: Wand              |       |       |     1 ||     1
  Use: Scroll            |     5 |     8 |     7 ||    20
       Potion            |     1 |       |     5 ||     6
 Stab: Paralysed         |       |       |    10 ||    10
Armor: Scale mail        |    34 |       |       ||    34
       Plate armour      |    25 |   111 |   181 ||   317
       Skin              |       |       |     5 ||     5
Dodge: Dodged            |    45 |    33 |    57 ||   135

Table legend: (Time is in decaauts)
 A = Elapsed time spent in this place.
 B = Non-inter-level travel time spent in this place.
 C = Inter-level travel time spent in this place.
 D = Time resting spent in this place.
 E = Time spent auto-exploring this place.
 F = Levels seen in this place.
 G = Mean time per level.
                   A        B        C        D        E       F      G
               +--------+--------+--------+--------+--------+-----+--------+
         Total |   7578 |   7421 |    157 |   1171 |   5037 |   7 | 1082.6 |
       Dungeon |   7578 |   7421 |    157 |   1171 |   5037 |   7 | 1082.6 |
               +--------+--------+--------+--------+--------+-----+--------+

Top non-repeatable levels by time:
     D:6: 1951 daAuts
     D:5: 1480 daAuts
     D:1: 1232 daAuts
     D:2: 1013 daAuts
     D:4: 909 daAuts
     D:3: 781 daAuts
     D:7: 210 daAuts
